 Dungeon Crawl Stone Soup version 0.30.0-19-g36f170ea60 (webtiles) character file.

Game seed: 14259052526214591877

35 Josd the Trooper (level 3, -2/24 HPs)
             Began as a Gargoyle Monk on May 31, 2023.
             Was a Believer of Dithmenos.
             Slain by Terence
             ... wielding a +2 falchion of holy wrath
              (9 damage)
             ... on level 2 of the Dungeon.
             The game lasted 00:06:28 (1031 turns).

Josd the Trooper (Gargoyle Monk)                    Turns: 1031, Time: 00:06:29

Health: -2/24      AC:  5    Str: 16    XL:     3   Next: 35%
Magic:  3/3        EV: 12    Int: 10    God:    Dithmenos [**....]
Gold:   59         SH:  0    Dex: 12    Spells: 2/2 levels left

rFire   . . .        a - +0 mace
rCold   . . .        d - orb {light}
rNeg    + . .        b - +0 robe
rPois   ∞            (no helmet)
rElec   +            (no cloak)
rCorr   .            (no gloves)
SInv    .            (no boots)
Will    .....        (no amulet)
Stlth   +            (no ring)
HPRegen 0.24/turn    (no ring)
MPRegen 0.08/turn

%: no passive effects
@: no status effects
A: sickness immunity, AC +3, negative energy resistance 1, electricity
resistance, torment resistance 1, petrification resistance
a: Renounce Religion, Shadow Step


You were on level 2 of the Dungeon.
You worshipped Dithmenos.
Dithmenos was pleased with you.
You visited 1 branch of the dungeon, and saw 2 of its levels.

You collected 59 gold pieces.

Inventory:

Hand Weapons
 a - a +0 mace (weapon)
Armour
 b - a +0 robe (worn)
 d - an orb of light (worn)
 m - a +0 chain mail
Scrolls
 f - a scroll of poison {unknown}
 g - 3 scrolls of blinking
 h - a scroll of identify
 j - a scroll of torment {unknown}
 k - a scroll of brand weapon {unknown}
 l - a scroll of enchant armour {unknown}
Potions
 e - a potion of might
 i - a potion of attraction {unknown}


   Skills:
 + Level 3.7 Fighting
 + Level 3.5 Maces & Flails
 + Level 2.9 Dodging


You had 2 spell levels left.
You didn't know any spells.
Your spell library was empty.

Dungeon Overview and Level Annotations

Branches:
Dungeon (2/15)

Altars:
Dithmenos
Elyvilon

Annotations:
D:2 Terence


Innate Abilities, Weirdness & Mutations

You are immune to sickness and miasma.
Your stone body is resilient. (AC +3)
You are immune to poison.
You resist negative energy. (rN+)
You are resistant to electric shocks. (rElec)
You are resistant to unholy torment.
You are immune to petrification.


Message History

Blink to where?
Press: ? - help, Dir - move target
As you read the scroll labelled MOIBIPNU MIVI, it crumbles to dust.
It was a scroll of blinking.
You are confused.
You feel invigorated.
You bump into the rock wall.
You bump into the rock wall.
You are too confused!
You are too confused!
You are too confused!
You barely miss Terence.
Terence is lightly wounded.
Terence hits you with a +2 falchion of holy wrath.
You barely miss Terence.
Terence is lightly wounded.
Terence hits you with a +2 falchion of holy wrath!
You hit Terence.
Terence is moderately wounded.
The rat misses you.
Terence hits you with a +2 falchion of holy wrath.
You hit Terence.
Terence is heavily wounded.
You feel less invigorated.
You feel less confused. The rat bites you but does no damage.
Terence hits you with a +2 falchion of holy wrath.
The rat bites you.
You closely miss Terence.
Terence is heavily wounded.
Terence hits you with a +2 falchion of holy wrath!
The rat bites you.
* * * LOW HITPOINT WARNING * * *
Terence hits you but does no damage.
As you read the scroll labelled AKHUJAITSA, it crumbles to dust.
It is a scroll of identify.
e - a potion of might The rat misses you.
Terence hits you with a +2 falchion of holy wrath!
You die...

#.....$............#
######.##......†...#
#.##....#.....#
#........#+####
####.###.#
##########.###+#+##
#...<..)...........
#......###@r.......
#.(.)..# ##@.......
####......#
#........
#.........#
##.#+#+##
#...).#.### ..
##.._..#.# ##.
#......#.# .#
#....[.#.# #
#........#
##########


You could see Terence and a rat.

Vanquished Creatures
  2 ball pythons (D:1)
  3 bats (D:1)
  2 endoplasms (D:1)
  4 goblins (D:1)
  3 hobgoblins (D:1)
  5 jackals (D:1)
  2 quokkas (D:1)
  4 frilled lizards
  3 kobolds
  3 rats (D:1)
31 creatures vanquished.

Notes
Turn   | Place    | Note
-------+----------+-------------------------------------------
     0 | D:1      | Josd the Gargoyle Monk began the quest for the Orb.
     0 | D:1      | Reached XP level 1. HP: 14/14 MP: 1/1
    81 | D:1      | Reached XP level 2. HP: 19/19 MP: 2/2
   342 | D:1      | Reached XP level 3. HP: 15/23 MP: 3/3
   517 | D:1      | Found a faded altar of an unknown god.
   527 | D:1      | Prayed at the altar of an unknown god.
   527 | D:1      | Became a worshipper of Dithmenos the Shadowed
   527 | D:1      | Reached * piety under Dithmenos
   527 | D:1      | Reached ** piety under Dithmenos
   921 | D:2      | Found a white marble altar of Elyvilon.
  1008 | D:2      | Noticed Terence
  1031 | D:2      | Slain by Terence

Illustrated notes

Levels and vault maps discovered:
D:1:      minmay_arrival_solitary_statue, layout_loops_ring,
          shapermc_ecumenical_altar_notcrosses
D:2:      layout_basic, basic_altar, lexackson_kobold_supper, uniq_terence

Action                     || total
---------------------------++-------
  Melee: Mace              ||    90
    Use: Scroll            ||     2
         Potion            ||     1
 Armour: Robe              ||    41
  Dodge: Dodged            ||    85
